| TOP OF THE 1ST |
|
Greensboro Grasshoppers batting - Pitching for Kane County Cougars : RHP Cody Savastand
|
|
Pitching: RHP Cody Savastand
|
|
|
Batting: RHB Harrie de Kam
|
0-0: Ball 1-0: Foul Ball, location: 2F 1-1: Swinging Strike 1-2: Ball 2-2: Foul Ball, location: 2F 2-2: Strikes out swinging
|
|
Batting: RHB Andy Kelly
|
0-0: Foul Ball, location: 2F 0-1: Foul Ball, location: 2F 0-2: Ground out 4-3 (Groundball, 4, EV 86.9 MPH)
|
|
Batting: LHB Angelo Estrella
|
0-0: Called Strike 0-1: Foul Ball, location: 2F 0-2: Strikes out swinging
|
| Top of the 1st over - 0 runs, 0 hits, 0 errors, 0 left on base; Greensboro 0 - Kane County 0 |
| BOTTOM OF THE 1ST |
|
Kane County Cougars batting - Pitching for Greensboro Grasshoppers : RHP Alfonso Mier
|
|
Pitching: RHP Alfonso Mier
|
|
|
Batting: RHB Larry Hardman
|
0-0: Ball 1-0: Swinging Strike 1-1: Swinging Strike 1-2: Fly out, F5 (Line Drive, 56, EV 74.4 MPH)
|
|
Batting: RHB Ernesto Zamora
|
0-0: Foul Ball, location: 2F 0-1: Ball 1-1: Foul Ball, location: 2F 1-2: Ball 2-2: Strikes out swinging
|
|
Batting: RHB Chad Mendoza
|
0-0: Ball 1-0: Ball 2-0: Called Strike 2-1: Ball 3-1: Called Strike 3-2: Base on Balls
|
|
Batting: RHB Steve Machol
|
0-0: Ball 1-0: Ground out 5-3 (Groundball, 56S, EV 83.8 MPH)
|
| Bottom of the 1st over - 0 runs, 0 hits, 0 errors, 1 left on base; Greensboro 0 - Kane County 0 |
| TOP OF THE 2ND |
|
Greensboro Grasshoppers batting - Pitching for Kane County Cougars : RHP Cody Savastand
|
|
Batting: RHB Miguel Velasco
|
0-0: Ball 1-0: Ball 2-0: Called Strike 2-1: Swinging Strike 2-2: Ground out 6-3 (Groundball, 6, EV 100.0 MPH)
|
|
Batting: RHB Larry LeFever
|
0-0: Ball 1-0: Ball 2-0: Called Strike 2-1: SINGLE (Flyball, 8RS, EV 87.5 MPH)
|
|
Batting: LHB Ryan Thompson
|
0-0: Foul Ball, location: 2F 0-1: Ball 1-1: Foul Ball, location: 2F 1-2: Foul Ball, location: 2F 1-2: Strikes out looking
|
|
Batting: RHB Jason Thrash
|
0-0: Ball 1-0: Ball 2-0: Swinging Strike 2-1: Foul Ball, location: 2F 2-2: Strikes out swinging
|
| Top of the 2nd over - 0 runs, 1 hit, 0 errors, 1 left on base; Greensboro 0 - Kane County 0 |
| BOTTOM OF THE 2ND |
|
Kane County Cougars batting - Pitching for Greensboro Grasshoppers : RHP Alfonso Mier
|
|
Batting: SHB Evan Armagost
|
0-0: Ball 1-0: Ball 2-0: Ball 3-0: Base on Balls
|
|
Batting: LHB Jeff Harmon
|
0-0: Ball 1-0: Ball 2-0: Ball 3-0: Called Strike 3-1: Foul Ball, location: 2F 3-2: Fly out, F8 (Flyball, 78D, EV 95.6 MPH)
|
|
Batting: RHB Sergio Manzanero
|
0-0: Ball Evan Armagost is caught stealing 2nd base 2-4 1-0: Called Strike 1-1: Ground out 5-3 (Groundball, 56S, EV 64.4 MPH)
|
| Bottom of the 2nd over - 0 runs, 0 hits, 0 errors, 0 left on base; Greensboro 0 - Kane County 0 |
| TOP OF THE 3RD |
|
Greensboro Grasshoppers batting - Pitching for Kane County Cougars : RHP Cody Savastand
|
|
Batting: RHB Wei-guo Tsu
|
0-0: Swinging Strike 0-1: Ball 1-1: Ball 2-1: Ball 3-1: DOUBLE (Line Drive, 78D, EV 108.1 MPH)
|
|
Batting: RHB Jeremy Dennis
|
0-0: Called Strike 0-1: Ball 1-1: Foul Ball, location: 2F 1-2: Strikes out swinging
|
|
Batting: RHB Harrie de Kam
|
0-0: Ball 1-0: Foul Ball, location: 2F 1-1: Called Strike 1-2: Ball 2-2: Foul Ball, location: 2F 2-2: Ball 3-2: Base on Balls
|
|
Batting: RHB Andy Kelly
|
0-0: Called Strike 0-1: Ball 1-1: Fielders Choice at 2nd, 5-4 (Groundball, 15, EV 91.2 MPH) Wei-guo Tsu to third
|
|
Batting: LHB Angelo Estrella
|
0-0: Foul Ball, location: 2F 0-1: Ball 1-1: Fly out, F6 (Popup, 6MS, EV 73.1 MPH)
|
| Top of the 3rd over - 0 runs, 1 hit, 0 errors, 2 left on base; Greensboro 0 - Kane County 0 |
| BOTTOM OF THE 3RD |
|
Kane County Cougars batting - Pitching for Greensboro Grasshoppers : RHP Alfonso Mier
|
|
Batting: LHB Enrique Ponce
|
0-0: Ball 1-0: Ball 2-0: Called Strike 2-1: Foul Ball, location: 2F 2-2: Strikes out swinging
|
|
Batting: LHB Tae-geun Kwang
|
0-0: SINGLE (Groundball, 34D, EV 105.6 MPH)
|
|
Batting: RHB Larry Hardman
|
0-0: Foul Ball, location: 2F 0-1: Ball 1-1: Ball 2-1: Ball 3-1: Called Strike 3-2: Fly out, F3 (Line Drive, 3, EV 68.8 MPH) Lined into DP, U3 (Line Drive, 3, EV 65.6 MPH)
|
| Bottom of the 3rd over - 0 runs, 1 hit, 0 errors, 0 left on base; Greensboro 0 - Kane County 0 |
| TOP OF THE 4TH |
|
Greensboro Grasshoppers batting - Pitching for Kane County Cougars : RHP Cody Savastand
|
|
Batting: RHB Miguel Velasco
|
0-0: Ball 1-0: Swinging Strike 1-1: Swinging Strike 1-2: Strikes out swinging
|
|
Batting: RHB Larry LeFever
|
0-0: Ball 1-0: Foul Ball, location: 2F 1-1: Foul Ball, location: 2F 1-2: SINGLE (Groundball, 6MS, EV 87.5 MPH) (infield hit)
|
|
Batting: LHB Ryan Thompson
|
0-0: Ball 1-0: Ball 2-0: DOUBLE (Flyball, 8LXD, EV 103.8 MPH) Larry LeFever to third Runner from 3rd tries for Home, SAFE, throw by CF to home
|
|
Batting: RHB Jason Thrash
|
0-0: Called Strike 0-1: Ball 1-1: Swinging Strike 1-2: Fly out, F9 (Flyball, 9S, EV 93.1 MPH)
|
|
Batting: RHB Wei-guo Tsu
|
0-0: Called Strike 0-1: Ball 1-1: Ball 2-1: Ball 3-1: Foul Ball, location: 2F 3-2: Base on Balls
|
|
Pitching: RHP Shigezo Shoji
|
|
|
Batting: RHB Jeremy Dennis
|
0-0: Ball 1-0: Ball 2-0: Swinging Strike 2-1: Fly out, F3 (Popup, 3DF, EV 61.2 MPH)
|
| Top of the 4th over - 1 run, 2 hits, 0 errors, 2 left on base; Greensboro 1 - Kane County 0 |
| BOTTOM OF THE 4TH |
|
Kane County Cougars batting - Pitching for Greensboro Grasshoppers : RHP Alfonso Mier
|
|
Batting: RHB Ernesto Zamora
|
0-0: Ball 1-0: Ball 2-0: Ball 3-0: Foul Ball, location: 2F 3-1: Foul Ball, location: 2F 3-2: Strikes out swinging
|
|
Batting: RHB Chad Mendoza
|
0-0: Ball 1-0: Ground out 5-3 (Groundball, 56S, EV 84.4 MPH)
|
|
Batting: RHB Steve Machol
|
0-0: Ball 1-0: Ground out 5-3 (Groundball, 56, EV 78.8 MPH)
|
| Bottom of the 4th over - 0 runs, 0 hits, 0 errors, 0 left on base; Greensboro 1 - Kane County 0 |
| TOP OF THE 5TH |
|
Greensboro Grasshoppers batting - Pitching for Kane County Cougars : RHP Shigezo Shoji
|
|
Batting: RHB Harrie de Kam
|
0-0: Ball 1-0: Called Strike 1-1: SINGLE (Groundball, 3S, EV 98.1 MPH)
|
|
Batting: RHB Andy Kelly
|
0-0: Called Strike 0-1: Called Strike Harrie de Kam steals 2nd base 0-2: Foul Ball, location: 2F 0-2: Strikes out swinging
|
|
Batting: LHB Angelo Estrella
|
0-0: Ball 1-0: Called Strike 1-1: Ball 2-1: Called Strike 2-2: Ball 3-2: Foul Ball, location: 2F 3-2: Base on Balls
|
|
Pitching: RHP Dan Thompson
|
|
|
Batting: RHB Miguel Velasco
|
0-0: Called Strike 0-1: SINGLE (Flyball, 6MD, EV 84.4 MPH) Harrie de Kam to third Angelo Estrella to second
|
|
Batting: RHB Larry LeFever
|
0-0: Foul Ball, location: 2F 0-1: Foul Ball, location: 2F 0-2: Ball 1-2: Foul Ball, location: 2F 1-2: Ball 2-2: Fly out, F7 (Flyball, 78D, EV 86.9 MPH) Runner from 3rd tags up, SCORES, no throw by LF
|
|
Batting: LHB Ryan Thompson
|
0-0: Ball 1-0: Ball 2-0: Called Strike 2-1: Ball 3-1: Base on Balls Angelo Estrella to third Miguel Velasco to second
|
|
Batting: RHB Jason Thrash
|
0-0: Called Strike 0-1: Ball 1-1: Ball Wild Pitch! Angelo Estrella scores Miguel Velasco to third Ryan Thompson to second 2-1: Ball 3-1: Called Strike 3-2: Strikes out swinging
|
| Top of the 5th over - 2 runs, 2 hits, 0 errors, 2 left on base; Greensboro 3 - Kane County 0 |
| BOTTOM OF THE 5TH |
|
Kane County Cougars batting - Pitching for Greensboro Grasshoppers : RHP Alfonso Mier
|
|
Batting: SHB Evan Armagost
|
0-0: Ground out 2-3 (Groundball, 2L, EV 71.2 MPH)
|
|
Batting: LHB Jeff Harmon
|
0-0: Ball 1-0: Ball 2-0: Ball 3-0: Base on Balls
|
|
Batting: RHB Sergio Manzanero
|
0-0: Called Strike 0-1: Foul Ball, location: 2F 0-2: Ball 1-2: Ball 2-2: Strikes out swinging
|
|
Batting: LHB Enrique Ponce
|
0-0: Foul Ball, location: 2F 0-1: Foul Ball, location: 2F 0-2: Ball 1-2: Ball 2-2: Ball 3-2: Ground out 4-3 (Groundball, 4, EV 81.9 MPH)
|
| Bottom of the 5th over - 0 runs, 0 hits, 0 errors, 1 left on base; Greensboro 3 - Kane County 0 |
| TOP OF THE 6TH |
|
Greensboro Grasshoppers batting - Pitching for Kane County Cougars : RHP Dan Thompson
|
|
Pitching: LHP Heath Henderson
|
|
|
Batting: RHB Wei-guo Tsu
|
0-0: Foul Ball, location: 2F 0-1: Ball 1-1: Foul Ball, location: 2F 1-2: Fly out, F8 (Flyball, 8RM, EV 77.5 MPH)
|
|
Batting: RHB Jeremy Dennis
|
0-0: Called Strike 0-1: Ball 1-1: Ball 2-1: Ball 3-1: Base on Balls
|
|
Batting: RHB Harrie de Kam
|
0-0: Called Strike Jeremy Dennis steals 2nd base (no throw) 0-1: Ball 1-1: Ball 2-1: Ball 3-1: Base on Balls
|
|
Batting: RHB Andy Kelly
|
0-0: Ball 1-0: Called Strike 1-1: 3-RUN HOME RUN (Flyball, 7D, EV 98.1 MPH), Distance : 376 ft
|
|
Batting: LHB Angelo Estrella
|
0-0: Swinging Strike 0-1: Swinging Strike 0-2: Foul Ball, location: 2F 0-2: Foul Ball, location: 2F 0-2: Foul Ball, location: 2F 0-2: SINGLE (Line Drive, 6MD, EV 97.5 MPH)
|
|
Pitching: RHP Tom Alatas
|
|
|
Batting: RHB Miguel Velasco
|
0-0: Ball 1-0: Ball 2-0: Ball 3-0: Base on Balls Angelo Estrella to second
|
|
Batting: RHB Larry LeFever
|
0-0: SINGLE (Line Drive, 3D, EV 103.8 MPH) Angelo Estrella to third Miguel Velasco to second Runner from 3rd tries for Home, throw by RF and OUT! 9-2
|
|
Batting: LHB Ryan Thompson
|
0-0: Foul Ball, location: 2F 0-1: Foul Ball, location: 2F 0-2: DOUBLE (Groundball, 5L, EV 100.0 MPH) Miguel Velasco scores Larry LeFever to third Runner from 3rd tries for Home, SAFE, throw by LF to home
|
|
Batting: RHB Jason Thrash
|
0-0: Ball 1-0: Ball 2-0: Ball 3-0: Base on Balls
|
|
Pitching: RHP John Petersen
|
|
|
Batting: RHB Wei-guo Tsu
|
0-0: Ball 1-0: DOUBLE (Line Drive, 89D, EV 90.0 MPH) Ryan Thompson scores Jason Thrash to third Runner from 3rd tries for Home, SAFE, no throw by CF
|
|
Batting: RHB Jeremy Dennis
|
0-0: Called Strike 0-1: Ball 1-1: Foul Ball, location: 2F 1-2: Foul Ball, location: 2F 1-2: Ground out 4-3 (Groundball, 4, EV 101.2 MPH)
|
| Top of the 6th over - 7 runs, 5 hits, 0 errors, 1 left on base; Greensboro 10 - Kane County 0 |
| BOTTOM OF THE 6TH |
|
Kane County Cougars batting - Pitching for Greensboro Grasshoppers : RHP Alfonso Mier
|
|
Batting: LHB Tae-geun Kwang
|
0-0: Called Strike 0-1: Ground out U3 (Groundball, 3L, EV 88.1 MPH)
|
|
Batting: RHB Larry Hardman
|
0-0: Ball 1-0: Foul Ball, location: 2F 1-1: Foul Ball, location: 2F 1-2: Foul Ball, location: 2F 1-2: Fly out, F8 (Flyball, 8LM, EV 90.0 MPH)
|
|
Batting: RHB Ernesto Zamora
|
0-0: Called Strike 0-1: Foul Ball, location: 2F 0-2: Ball 1-2: SINGLE (Line Drive, 78S, EV 90.0 MPH)
|
|
Pitching: RHP Marco Quezada
|
|
|
Batting: RHB Chad Mendoza
|
0-0: Ball 1-0: Called Strike 1-1: Ball 2-1: Called Strike 2-2: Strikes out swinging
|
| Bottom of the 6th over - 0 runs, 1 hit, 0 errors, 1 left on base; Greensboro 10 - Kane County 0 |
| TOP OF THE 7TH |
|
Greensboro Grasshoppers batting - Pitching for Kane County Cougars : RHP John Petersen
|
|
Batting: RHB Harrie de Kam
|
0-0: Called Strike 0-1: Ball 1-1: Called Strike 1-2: Ball 2-2: Ball 3-2: Base on Balls
|
|
Batting: RHB Andy Kelly
|
0-0: Called Strike 0-1: Swinging Strike 0-2: Ball 1-2: Fly out, F7 (Line Drive, 7, EV 102.5 MPH)
|
|
Batting: LHB Angelo Estrella
|
0-0: Ball 1-0: Ball 2-0: Ball 3-0: Called Strike 3-1: Base on Balls Harrie de Kam to second
|
|
Pitching: RHP Rick Foster
|
|
|
Batting: RHB Miguel Velasco
|
0-0: Ball 1-0: Ball 2-0: Ball 3-0: Fly out, F7 (Flyball, 7LM, EV 86.2 MPH)
|
|
Batting: RHB Larry LeFever
|
0-0: Fly out, F4 (Popup, 4S, EV 84.4 MPH)
|
| Top of the 7th over - 0 runs, 0 hits, 0 errors, 2 left on base; Greensboro 10 - Kane County 0 |
| BOTTOM OF THE 7TH |
|
Kane County Cougars batting - Pitching for Greensboro Grasshoppers : RHP Marco Quezada
|
|
Batting: RHB Steve Machol
|
0-0: Called Strike 0-1: Foul Ball, location: 2F 0-2: Ball 1-2: Ball 2-2: Foul Ball, location: 2F 2-2: Ball 3-2: Fly out, F8 (Flyball, 8RXD, EV 103.1 MPH)
|
|
Batting: SHB Evan Armagost
|
0-0: Called Strike 0-1: Foul Ball, location: 2F 0-2: Ball 1-2: Strikes out swinging
|
|
Batting: LHB Jeff Harmon
|
0-0: Foul Ball, location: 2F 0-1: Foul Ball, location: 2F 0-2: Strikes out looking
|
| Bottom of the 7th over - 0 runs, 0 hits, 0 errors, 0 left on base; Greensboro 10 - Kane County 0 |
| TOP OF THE 8TH |
|
Greensboro Grasshoppers batting - Pitching for Kane County Cougars : RHP Rick Foster
|
|
Batting: LHB Ryan Thompson
|
0-0: Reached on error, E5 (Groundball, 5, EV 100.6 MPH)
|
|
Batting: RHB Jason Thrash
|
0-0: Ball 1-0: Ball 2-0: Fly out, F3 (Line Drive, 3L, EV 70.0 MPH) Lined into DP, 3-6 (Line Drive, 3L, EV 75.6 MPH)
|
|
Batting: RHB Wei-guo Tsu
|
0-0: Ball 1-0: Called Strike 1-1: Ball 2-1: Called Strike 2-2: SINGLE (Line Drive, 78S, EV 104.4 MPH)
|
|
Batting: RHB Jeremy Dennis
|
0-0: Foul Ball, location: 2F 0-1: Swinging Strike 0-2: Ball 1-2: Foul Ball, location: 2F 1-2: Ball 2-2: Ball 3-2: Foul Ball, location: 2F 3-2: Ground out 5-3 (Groundball, 5, EV 92.5 MPH)
|
| Top of the 8th over - 0 runs, 1 hit, 1 error, 1 left on base; Greensboro 10 - Kane County 0 |
| BOTTOM OF THE 8TH |
|
Kane County Cougars batting - Pitching for Greensboro Grasshoppers : RHP Marco Quezada
|
|
Batting: RHB Sergio Manzanero
|
0-0: Ball 1-0: Swinging Strike 1-1: Called Strike 1-2: Strikes out swinging
|
|
Batting: LHB Enrique Ponce
|
0-0: Ball 1-0: Called Strike 1-1: Called Strike 1-2: Strikes out swinging
|
|
Batting: LHB Tae-geun Kwang
|
0-0: Ball 1-0: Ball 2-0: Called Strike 2-1: Foul Ball, location: 2F 2-2: Ball 3-2: Base on Balls
|
|
Batting: RHB Larry Hardman
|
0-0: Ball 1-0: Called Strike 1-1: Fly out, F8 (Flyball, 78D, EV 91.9 MPH)
|
| Bottom of the 8th over - 0 runs, 0 hits, 0 errors, 1 left on base; Greensboro 10 - Kane County 0 |
| TOP OF THE 9TH |
|
Greensboro Grasshoppers batting - Pitching for Kane County Cougars : RHP Rick Foster
|
|
Pitching: LHP Omar Marquez
|
|
|
Batting: RHB Harrie de Kam
|
0-0: Called Strike 0-1: Foul Ball, location: 2F 0-2: Foul Ball, location: 2F 0-2: SOLO HOME RUN (Flyball, 7LD, EV 97.5 MPH), Distance : 361 ft
|
|
Batting: RHB Andy Kelly
|
0-0: Ball 1-0: SINGLE (Flyball, 34D, EV 87.5 MPH)
|
|
Batting: LHB Angelo Estrella
|
0-0: Ball 1-0: Ball 2-0: Ball 3-0: Called Strike 3-1: Base on Balls Andy Kelly to second
|
|
Batting: RHB Miguel Velasco
|
0-0: Called Strike 0-1: Swinging Strike 0-2: Ball 1-2: Strikes out swinging
|
|
Batting: RHB Larry LeFever
|
0-0: Ball 1-0: Called Strike 1-1: Ball 2-1: Ball 3-1: Swinging Strike 3-2: Foul Ball, location: 2F 3-2: Foul Ball, location: 2F 3-2: Foul Ball, location: 2F Balk! Andy Kelly to third Angelo Estrella to second 3-2: Fly out, F7 (Line Drive, 78M, EV 98.1 MPH) Runner from 3rd tags up, OUT at HOME! 7-2
|
| Top of the 9th over - 1 run, 2 hits, 0 errors, 1 left on base; Greensboro 11 - Kane County 0 |
| BOTTOM OF THE 9TH |
|
Kane County Cougars batting - Pitching for Greensboro Grasshoppers : RHP Marco Quezada
|
|
Batting: RHB Ernesto Zamora
|
0-0: Ball 1-0: Ground out 4-3 (Groundball, 4, EV 88.1 MPH)
|
|
Batting: RHB Chad Mendoza
|
0-0: DOUBLE (Groundball, 5L, EV 104.4 MPH)
|
|
Pitching: LHP Melvin Castro
|
|
|
Batting: RHB Steve Machol
|
0-0: SINGLE (Line Drive, 9LS, EV 103.8 MPH) Chad Mendoza to third
|
|
Batting: SHB Evan Armagost
|
0-0: Ball 1-0: Called Strike 1-1: Called Strike 1-2: Ball 2-2: Fielders Choice at 2nd, 6-4 (Groundball, 6, EV 86.9 MPH) Chad Mendoza scores
|
|
Batting: LHB Jeff Harmon
|
0-0: Called Strike 0-1: Ball 1-1: Foul Ball, location: 2F 1-2: Ball 2-2: Strikes out swinging
|
| Bottom of the 9th over - 1 run, 2 hits, 0 errors, 1 left on base; Greensboro 11 - Kane County 1 |
|